Unix NetHack Version 5.0.0-0 post-release - last build May  4 2026 22:22:43 (774f63e81ad911689b3a0859ea89b322d5daca8d,branch:main).

Game began 2026-05-07 02:13:10, ended 2026-05-07 02:23:44.

Gadzook, neutral male human Wizard

                                     ^
                                   --|----              -----
         ---------------           |.`...|              |...|     ------
         |.............|           |.....|              |...|     |F/*!|
         |.............|          #-.....-#             |...|    #@.(??|
         |.............|          #-------#            #-...-#   f|@)??|
         |.............|          #       #            #-----#   #|.=![|
         |.........<...|          #       #           ##     #   #|.[?!|
         ------------|--          #       #           #      #   #------
                     ##           #      ##           #      #   ##
                      #           #      #           ##      #    #
                      ###         #      #           #       #    #
                        #         #     ##           #      ##    #
                  ------.---------#     #------------#    ###     #
                  |..............|#     #|..........|#    #-------#
                  |...............#     #|..........|#    #|.....|#
                  |..............|      #|..........|#    #|>....|#
                  |..............|      #|...........#    #-.(....#
                  ----------------      #-..........|      |.....|
                                         ------------      -------

Gadzook the Conjurer      St:9 Dx:16 Co:15 In:18 Wi:10 Ch:9  Neutral
Dlvl:2  $:0  HP:0(32) Pw:27(27) AC:7  Xp:3/46 T:1087 

Latest messages:
 You kill the jackal!
 The door opens.
 Wizard needs food, badly!
 What do you want to eat? [E or ?*]
 E - a slime mold.
 What do you want to eat? [E or ?*]
 Blecch!  Rotten food!
 The world spins and goes dark.
 You are conscious again.
 #
 Are you sure you want to pray? [yn] (n)
 You begin praying to Thoth.
 You are surrounded by a shimmering light.
 You finish your prayer.
 You feel that Thoth is well-pleased.
 Your stomach feels content.
 That door is closed.
 The door opens.
 You see here a large box.
 $ - 2 gold pieces (34 in total).
 You see here a large box.
 #
 In what direction?
 There is a large box here.  Check it for traps? [ynq] (q)
 You find no traps on the large box.
 p - a blessed crude dagger (weapon in right hand).
 a - a blessed +1 quarterstaff (alternate weapon; not wielded).
 #
 $ - 207 gold pieces (241 in total).
 H - a milky potion.
 a - a blessed +1 quarterstaff (weapon in hands).
 p - a blessed crude dagger (alternate weapon; not wielded).
 You see here an empty unlocked large box.
 You hear the footsteps of a guard on patrol.
 "Hello, Gadzook!  Welcome to Kipawa's general store!"
 You miss the yellow mold.
 You stagger...
 You hit Kipawa!
 Kipawa gets angry!
 Kipawa zaps a maple wand!
 Boing!
 Kipawa hits!
 Kipawa hits again!
 You feel a bit steadier now.
 Kipawa hits!
 Kipawa hits again!
 You die...
 Kipawa takes all your possessions.
 Do you want to see what you had when you died? [ynq] (y)
 Do you want to see your attributes? [ynq] (y)

Inventory:
 Amulets  ('"')
  u - an uncursed amulet versus poison (being worn)
 Weapons  (')')
  D - 51 +0 darts
  C - 8 cursed +0 darts
  p - a blessed +1 orcish dagger (alternate weapon; not wielded)
  a - a blessed +1 quarterstaff (weapon in hands)
 Armor    ('[')
  B - an uncursed +0 cloak of displacement
  b - an uncursed +0 cloak of magic resistance (being worn)
  m - an uncursed +0 orcish ring mail (being worn)
 Comestibles  ('%')
  E - a cursed partly eaten slime mold
 Scrolls  ('?')
  G - a cursed scroll of food detection
 Spellbooks  ('+')
  F - an uncursed spellbook of confuse monster
 Potions  ('!')
  f - 2 uncursed potions of full healing
  H - a cursed potion of object detection
 Rings    ('=')
  d - an uncursed +1 ring of gain constitution (on right hand)
 Wands    ('/')
  c - a wand of locking (0:5)

Gadzook the Wizard's attributes:

Background:
 You were a Conjurer, a level 3 male human Wizard.
 You were neutral, on a mission for Thoth
 who was opposed by Ptah (lawful) and Anhur (chaotic).
 You were right-handed.
 You were in the Dungeons of Doom, on level 2.
 You entered the dungeon 1087 turns ago.
 It was nighttime.
 You had 46 experience points, 34 more were needed to attain level 4.

Basics:
 You had 0 out of 32 hit points.
 You had all 27 energy points (spell power).
 Your armor class was 7.
 Your wallet was empty.
 Autopickup was on for '$?!/="+' plus thrown, with exceptions.

Final Characteristics:
 Your strength was 9 (limit:18/100).
 Your dexterity was 16 (limit:18).
 Your constitution was 15 (base:14, limit:18).
 Your intelligence was 18 (limit:18).
 Your wisdom was 10 (limit:18).
 Your charisma was 9 (limit:18).

Final Status:
 You weren't hungry.
 You were unencumbered.
 You were wielding a quarterstaff.
 You had basic skill with quarterstaff.

Final Attributes:
 You were fervently aligned.
 You were magic-protected.
 You were poison resistant.
 You were warded.
 Your spell casting was impaired by metallic armor.
 You are dead.

Miscellaneous:
 You didn't encounter any bones levels.
 Total elapsed playing time was 10 minutes and 32 seconds.

Major events:
 Turn
    1: Gadzook the neutral male human Wizard entered the dungeon
  987: attained the rank of Conjurer (level 3)
 1087: killed by Mr. Kipawa; the shopkeeper

Spells:
 Name                 Level Category     Fail Retention
 force bolt             1   attack        13%  91%-100%
 cure blindness         2   healing       78%  76%-100%
 confuse monster        1   enchantment   13%  91%-100%

Skills:
 Fighting Skills
   bare handed combat [Unskilled]
   riding             [Unskilled]
 Weapon Skills
   dagger             [Unskilled]
   knife              [Unskilled]
   axe                [Unskilled]
   short sword        [Unskilled]
   club               [Unskilled]
   mace               [Unskilled]
   quarterstaff       [Basic]
   polearms           [Unskilled]
   spear              [Unskilled]
   trident            [Unskilled]
   sling              [Unskilled]
   dart               [Unskilled]
   shuriken           [Unskilled]
 Spellcasting Skills
   attack spells      [Basic]
   healing spells     [Unskilled]
   divination spells  [Unskilled]
   enchantment spells [Basic]
   clerical spells    [Unskilled]
   escape spells      [Unskilled]
   matter spells      [Unskilled]

Voluntary challenges:
 Character rerolling was not enabled.
 You never genocided any monsters.
 You never polymorphed an object.
 You never changed form.
 You used no wishes.
Achievements:
 You attained the rank of Conjurer.
 You entered a shop.

 The Dungeons of Doom: levels 1 to 2
    Level 1:
       An altar to Thoth.
    Level 2: <- You were here.
       A general store.
       Final resting place for
          you, killed by Mr. Kipawa; the shopkeeper.


Vanquished creatures:
  3 jackals
  2 kobolds
  3 goblins
  a sewer rat
  3 grid bugs
  a lichen
  6 newts
19 creatures vanquished.

No species were genocided or became extinct.

Game over:
                       ----------
                      /          \
                     /    REST    \
                    /      IN      \
                   /     PEACE      \
                  /                  \
                  |     Gadzook      |
                  |       0 Au       |
                  |  killed by Mr.   |
                  |   Kipawa; the    |
                  |    shopkeeper    |
                  |                  |
                  |       2026       |
                 *|     *  *  *      | *
        _________)/\\_//(\/(/\)/\//\/|_)_______

Goodbye Gadzook the Wizard...

You died in The Dungeons of Doom on dungeon level 2 with 234 points,
and 0 pieces of gold, after 1087 moves.
You were level 3 with a maximum of 32 hit points when you died.

